Map: [ESL] Site Delta

Players

Lambo

  • Race: Zerg Zerg
  • Spawn Location: 11:00

LiquidClem (Clem) - Winner!

  • Race: Terran Terran
  • League: Grandmaster
  • Spawn Location: 5:00

Event: HomeStory Cup XXIV

VOD

Have the link to the VOD?

Description

Time

  • Played on: Dec. 1, 2023, 2:03 p.m.
  • Length: 10:15

All games in this series

Show
View Real Time Build Order
Export as new Build Order

Lambo Zerg 

Build Orders: Hatch First 

Get SALT Encoding   

  12  0:00  Drone  
  13  0:12  Overlord  
  13  0:17  Drone  
  14  0:30  Drone x2  
  16  0:47  Hatchery  
  15  0:50  Drone  
  15  0:54  Drone  
  17  0:57  Drone  
  18  1:08  Extractor  
  17  1:12  Spawning Pool  
  17  1:15  Drone  
  17  1:19  Drone  
  18  1:29  Drone  
  19  1:38  Drone  
  20  1:50  Drone  
  21  1:59  Queen x2  
  21  2:00  Zergling x4  
  27  2:10  Drone  
  28  2:16  Overlord  
  28  2:20  Hatchery  
  27  2:24  Drone  
  28  2:35  Extractor  
  28  2:44  Queen  
  28  2:45  Drone x2, Metabolic Boost  
  28  2:46  Overlord  
  28  2:49  Drone  
  33  2:52  Drone  
  33  2:56  Drone  
  35  2:58  Drone  
  36  3:07  Spore Crawler  
  36  3:09  Drone x3  
  36  3:11  Extractor  
  36  3:12  Drone x2  
  39  3:17  Drone, Queen  
  44  3:25  Overlord  
  44  3:26  Overlord  
  44  3:34  Queen  
  44  3:36  Queen  
  48  3:42  Drone  
  48  3:43  Overlord  
  48  3:44  Drone  
  48  3:46  Zergling x2  
  51  3:52  Drone  
  51  3:53  Drone  
  53  3:55  Queen  
  53  3:57  Zergling x4  
  53  3:58  Evolution Chamber  
  53  4:01  Drone  
  58  4:05  Overlord  
  58  4:07  Zergling x4  
  60  4:12  Drone x3  
  60  4:16  Overlord  
  63  4:17  Queen  
  65  4:25  Drone x3  
  65  4:30  Overlord  
  68  4:31  Zergling x2  
  68  4:35  Spore Crawler x2  
  68  4:36  Drone x4  
  71  4:42  Drone x3  
  71  4:43  Drone  
  75  4:47  Extractor, Lair  
  75  4:48  Drone  
  75  4:53  Drone x3  
  75  4:56  Zergling x2  
  75  4:57  Drone  
  75  4:59  Drone  
  81  5:03  Baneling Nest  
  81  5:04  Drone x2  
  82  5:11  Zergling x4  
  84  5:14  Drone x2  
  84  5:15  Drone  
  84  5:19  Hatchery  
  84  5:20  Extractor  
  85  5:22  Extractor  
  85  5:23  Drone x4  
  85  5:25  Drone x2  
  90  5:33  Queen  
  90  5:34  Overlord, Evolution Chamber x2  
  90  5:37  Spore Crawler  
  90  5:38  Zergling x2  
  90  5:49  Overlord  
  90  5:50  Extractor  
  90  5:51  Overlord  
  90  5:52  Overlord  
  90  5:54  Centrifugal Hooks  
  90  5:55  Drone x6  
  95  6:01  Overlord  
  95  6:03  Overlord  
  95  6:04  Overlord  
  95  6:05  Overlord  
  95  6:10  Overlord  
  95  6:11  Zerg Melee Weapons Level 1, Zerg Ground Armor Level 1  
  95  6:14  Hydralisk Den  
  95  6:15  Zergling x12  
  100  6:25  Drone x4  
  104  6:30  Drone x2  
  105  6:34  Drone x2  
  105  6:35  Drone x3  
  105  6:39  Zergling x2  
  108  6:43  Drone x2  
  110  6:48  Drone x2, Muscular Augments  
  110  6:49  Drone  
  110  6:50  Drone x3  
  110  6:54  Zergling x8  
  117  7:03  Zergling x10  
  117  7:06  Evolution Chamber  
  122  7:08  Zergling x6  
  122  7:13  Zergling x2  
  122  7:14  Zergling x2, Queen  
  122  7:17  Spore Crawler  
  122  7:19  Baneling x5  
  122  7:20  Hydralisk  
  122  7:21  Hydralisk x8  
  139  7:23  Extractor  
  139  7:28  Overseer  
  138  7:31  Hydralisk x2  
  138  7:32  Hydralisk x4  
  138  7:34  Zergling x4  
  152  7:42  Overlord  
  149  7:45  Overlord  
  149  7:48  Zergling x2  
  149  7:49  Zergling x4, Baneling  
  149  7:50  Baneling x5  
  151  7:55  Zergling x10  
  151  7:56  Overlord  
  151  7:57  Overlord  
  146  7:59  Overlord  
  146  8:00  Overlord  
  146  8:01  Overseer, Spore Crawler  
  146  8:03  Overlord  
  146  8:04  Baneling x5  
  139  8:06  Zergling x10  
  139  8:08  Zergling x2  
  139  8:10  Grooved Spines  
  139  8:11  Zerg Missile Weapons Level 1  
  137  8:13  Zergling x10  
  137  8:20  Zergling x4  
  137  8:24  Zergling x4  
  137  8:28  Drone x6  
  137  8:33  Zergling x2  
  137  8:34  Zergling x4  
  146  8:35  Baneling x6  
  146  8:45  Zergling x8  
  145  8:50  Zergling x6  
  145  8:52  Overseer  
  135  9:00  Zergling x14  
  137  9:05  Zergling x6  
  137  9:09  Hydralisk  
  134  9:11  Baneling x5  
  134  9:14  Queen  
  134  9:15  Zergling x12  
  134  9:16  Pneumatized Carapace  
  146  9:18  Zergling x2  
  146  9:22  Extractor  
  138  9:26  Zergling x14  
  138  9:28  Drone x2  
  138  9:30  Baneling x7  
  147  9:38  Zergling x8  
  147  9:46  Zergling x6  
  147  9:50  Zergling x8  
  140  9:55  Zergling x6  
Show
View Real Time Build Order
Export as new Build Order

LiquidClem Terran - Winner!

Build Orders: Hellion Opening, Reaper Expand 

Get SALT Encoding   

  12  0:00  SCV  
  13  0:12  SCV  
  14  0:16  Supply Depot  
  14  0:25  SCV  
  15  0:38  SCV  
  15  0:40  Barracks  
  16  0:43  Refinery  
  16  0:50  SCV  
  17  1:02  SCV  
  18  1:14  SCV  
  19  1:27  Orbital Command, Reaper  
  20  1:38  Command Center  
  20  1:45  Supply Depot  
  20  1:52  SCV  
  21  1:59  Marine  
  22  2:04  SCV  
  23  2:09  Factory  
  23  2:17  SCV  
  23  2:20  Barracks Reactor  
  24  2:29  SCV  
  25  2:40  Command Center  
  25  2:41  SCV  
  26  2:50  Orbital Command  
  26  3:00  Hellion x2  
  26  3:02  SCV  
  31  3:09  Starport  
  31  3:14  SCV  
  31  3:16  SCV  
  33  3:21  Hellion  
  33  3:23  Hellion  
  33  3:26  Refinery  
  33  3:27  SCV  
  38  3:28  SCV  
  38  3:33  Barracks Tech Lab  
  39  3:39  SCV  
  39  3:41  SCV  
  41  3:46  Viking  
  43  3:49  Hellion  
  43  3:51  SCV  
  43  3:52  Hellion  
  43  3:53  SCV  
  49  3:56  Orbital Command  
  49  4:03  SCV  
  49  4:05  SCV  
  51  4:13  Hellion  
  51  4:14  Supply Depot  
  51  4:15  Hellion, SCV  
  51  4:16  Liberator  
  59  4:17  SCV  
  59  4:22  SCV  
  61  4:27  Stimpack  
  61  4:35  Marine  
  61  4:36  Barracks, SCV x3  
  65  4:42  Barracks, Supply Depot  
  65  4:46  Refinery  
  65  4:47  Factory Reactor  
  65  4:48  SCV  
  65  4:49  Orbital Command, SCV  
  65  4:50  Refinery  
  67  4:53  Marine  
  67  4:55  Engineering Bay  
  67  4:58  Engineering Bay  
  68  5:00  SCV  
  68  5:04  SCV  
  68  5:05  Starport Reactor, Supply Depot  
  70  5:11  Marine  
  70  5:14  SCV  
  72  5:17  SCV  
  73  5:21  Barracks  
  73  5:22  Barracks  
  73  5:25  Terran Infantry Weapons Level 1, Terran Infantry Armor Level 1  
  73  5:27  SCV x2  
  75  5:29  SCV, Marine  
  75  5:34  Factory Reactor, Supply Depot  
  77  5:35  Marine x2  
  77  5:36  Marine x2  
  77  5:39  SCV  
  77  5:40  SCV  
  77  5:41  SCV  
  84  5:46  Supply Depot  
  84  5:47  Marine  
  85  5:55  Medivac x2  
  85  5:56  Supply Depot, SCV x3  
  92  5:57  Supply Depot  
  92  6:00  Marine  
  92  6:02  Supply Depot  
  93  6:07  Combat Shield  
  93  6:08  SCV, Marine x4  
  98  6:11  Armory  
  98  6:13  Barracks Reactor x2  
  98  6:14  SCV  
  98  6:16  Widow Mine  
  98  6:18  Marine, SCV  
  102  6:23  SCV, Widow Mine  
  104  6:25  Marine  
  104  6:26  SCV  
  104  6:28  Medivac  
  104  6:30  SCV  
  106  6:35  Supply Depot, Marine x3, Medivac, Refinery  
  106  6:38  SCV  
  106  6:39  Marine  
  113  6:42  SCV, Supply Depot  
  113  6:43  Marine  
  113  6:45  Widow Mine  
  113  6:46  SCV  
  118  6:49  Factory  
  118  6:54  Marine, Widow Mine  
  118  6:55  Marine x4  
  118  6:56  Marine  
  118  7:00  Medivac  
  118  7:01  Marine x2  
  128  7:05  Marine  
  128  7:06  Supply Depot x2  
  131  7:12  Marine  
  131  7:13  Marine  
  133  7:15  Medivac  
  133  7:16  Marine  
  133  7:18  Marine  
  133  7:19  Marine x4  
  141  7:24  Terran Infantry Weapons Level 2  
  141  7:27  Marine  
  141  7:28  Widow Mine x2  
  146  7:30  Command Center  
  146  7:31  Marine  
  146  7:34  Supply Depot  
  147  7:37  Marine  
  147  7:39  Terran Infantry Armor Level 2  
  147  7:40  Marine x2  
  147  7:42  Widow Mine  
  152  7:48  Marine  
  152  7:49  Widow Mine x2  
  157  7:53  Medivac  
  157  7:54  Marine  
  157  7:56  Marine  
  157  7:57  Marine  
  151  7:58  Barracks  
  151  7:59  Barracks  
  151  8:01  Barracks  
  151  8:03  Widow Mine, Medivac  
  151  8:04  Marine x4  
  158  8:06  Marine  
  158  8:08  Marine  
  158  8:10  Widow Mine  
  158  8:12  Marine  
  157  8:16  Widow Mine  
  157  8:17  Marine x2  
  152  8:22  Marine x3  
  152  8:23  Medivac  
  152  8:24  Factory Tech Lab  
  151  8:28  Marine  
  151  8:30  Marine x2  
  151  8:32  Widow Mine  
  151  8:34  SCV  
  157  8:35  Supply Depot  
  157  8:36  SCV x2  
  157  8:37  Widow Mine, Marine x2, Medivac  
  165  8:41  Marine  
  165  8:46  SCV  
  167  8:49  Widow Mine  
  167  8:53  Medivac  
  167  8:54  Marine  
  167  8:55  Widow Mine, Marine x5  
  170  8:59  Barracks Tech Lab x2  
  170  9:00  Barracks Tech Lab, SCV  
  168  9:04  Widow Mine  
  168  9:05  Marine x2  
  168  9:07  Medivac  
  172  9:10  Widow Mine  
  172  9:11  Planetary Fortress  
  172  9:12  SCV  
  172  9:13  SCV x2  
  177  9:19  Marine, Marauder x2  
  177  9:23  Marauder x2  
  186  9:25  SCV  
  186  9:27  Marine  
  186  9:28  Sensor Tower  
  188  9:32  Supply Depot  
  188  9:43  SCV, Marine  
  188  9:44  SCV  
  187  9:46  Widow Mine  
  187  9:48  Widow Mine  
  187  9:50  Marine  
  187  9:51  Marine, Marauder  
  188  9:54  Marine  
  188  9:55  Refinery  
  188  9:56  Command Center, Sensor Tower, Refinery  
Tags
 
Add a new tag
Caveats
  • Supply blocks, unpowered buildings, or Contaminate may cause inaccurate times.
  • Supply counts are checked every 10 seconds.